 Dungeon Crawl Stone Soup version 0.28.0-47-ge53b351184 (webtiles) character file.

Game seed: 10457420253740715938

14 Revguard the Skirmisher (level 2, -1/24 HPs)
             Began as a Demonspawn Cinder Acolyte on May 7, 2022.
             Was a High Priest of Ignis.
             Slain by a quokka (5 damage)
             ... on level 1 of the Dungeon.
             The game lasted 00:01:30 (967 turns).

Revguard the Skirmisher (Demonspawn Cinder Acolyte)  Turns: 967, Time: 00:01:30

Health: -1/24      AC:  2    Str: 14    XL:     2   Next: 27%
Magic:  3/3        EV:  7    Int: 15    God:    Ignis [*****.]
Gold:   6          SH:  9    Dex:  8    Spells: 3/3 levels left

rFire   + . .      SeeInvis .   a - -1 falchion (flame)
rCold   . . .      Faith    .   c - +0 tower shield
rNeg    . . .      Spirit   .   b - +0 robe
rPois   .          Reflect  .   (helmet restricted)
rElec   .          Harm     .   (no cloak)
rCorr   .          Rampage  .   (no gloves)
Will    .....                   (no boots)
Stlth   +.........              (no amulet)
HPRegen 0.08/turn               (no ring)
MPRegen 0.08/turn               (no ring)

@: no status effects
A: antennae 1
a: Renounce Religion, Fiery Armour, Foxfire Swarm, Rising Flame


You were on level 1 of the Dungeon.
You worshipped Ignis.
Ignis was extremely pleased with you.
You visited 1 branch of the dungeon, and saw 1 of its levels.

You collected 6 gold pieces.

Inventory:

Hand Weapons
 a - a -1 falchion of flaming (weapon)
Armour
 b - a +0 robe (worn)
 c - a +0 tower shield (worn)
Potions
 d - a potion of heal wounds {unknown}
 e - a potion of flight {unknown}


   Skills:
 + Level 3.1 Fighting
 + Level 2.8 Long Blades
 + Level 0.4 Armour
 + Level 0.3 Dodging
 * Level 1.0 Shields
 - Level 1.0 Spellcasting
 - Level 2.6 Fire Magic


You had 3 spell levels left.
You didn't know any spells.
Your spell library contained the following spells:

 Spells                   Type           Power      Damage    Failure   Level
 Scorch                   Fire           16%        2d6       90%         2


Dungeon Overview and Level Annotations

Branches:
Dungeon (1/15)

Altars:


Innate Abilities, Weirdness & Mutations

You have a pair of small antennae on your head.


Message History

You closely miss the jackal.
The jackal is heavily wounded.
The jackal barely misses you. The jackal bites you.
* * * LOW HITPOINT WARNING * * *
You slash the jackal! You burn the jackal.
You kill the jackal!
You block the jackal's attack.
You barely miss the jackal. You block the jackal's attack.
The jackal closely misses you.
You hit the jackal. You burn the jackal.
You kill the jackal!
You see here a jackal corpse.
You see here a +0 rapier.
A rat comes into view.
A rat is nearby!
You closely miss the rat. The rat bites you but does no damage.
The rat barely misses you.
You hit the rat. You burn the rat.
You kill the rat!
Your Shields skill increases to level 1!
Found a ring mail.
You see here a rat corpse.
You see here a rat corpse.
A quokka comes into view.
You block the quokka's attack.
You closely miss the quokka. You block the quokka's attack.
The quokka closely misses you.
You miss the quokka.
The quokka bites you but does no damage.
You block the quokka's attack.
You hit the quokka but do no damage. You block the quokka's attack.
The quokka barely misses you.
You closely miss the quokka. The quokka bites you. x2
You miss the quokka. The quokka bites you. x2
You miss the quokka. The quokka bites you. x2
* * * LOW HITPOINT WARNING * * *
You barely miss the quokka. The quokka bites you.
* * * LOW HITPOINT WARNING * * *
You closely miss the quokka. The quokka bites you.
You die...

.. ... .r. #.# #
#.# #. #?# ##
###[########.##.##
.........@r....#.#
.##.#..####.....###
#.#..####..#......
#
#.....†......#.###
# ###..####..#...#
# ##..####..##### #
..........## #
#########...#
######## #...#
#.......


You could see a quokka.

Vanquished Creatures
  2 ball pythons (D:1)
  A giant cockroach (D:1)
  A hobgoblin (D:1)
  2 jackals (D:1)
  A kobold (D:1)
  2 bats (D:1)
  A frilled lizard (D:1)
  2 rats (D:1)
12 creatures vanquished.

Notes
Turn   | Place    | Note
-------+----------+-------------------------------------------
     0 | D:1      | Revguard the Demonspawn Cinder Acolyte began the quest for
                  | the Orb.
     0 | D:1      | Reached XP level 1. HP: 18/18 MP: 2/2
   628 | D:1      | Gained mutation: You have a pair of small antennae on your
                  | head. [demonic ancestry]
   628 | D:1      | Reached XP level 2. HP: 23/24 MP: 3/3
   945 | D:1      | Reached skill level 1 in Shields
   967 | D:1      | Slain by a quokka

Illustrated notes

Levels and vault maps discovered:
D:1:      nzn_arrival_crosshair, layout_loops_cross, minmay_crystal_water,
          minmay_cupped

Skill      XL: |  1  2 |
---------------+-------+-----
Shields        | 1 |  1.0
Fighting       | |  3.1
Long Blades    | |  2.8
Armour         | |  0.4
Dodging        | |  0.3
Spellcasting   | |  1.0
Fire Magic     | |  2.6

Action                   || total
-------------------------++-------
Melee: Falchion          ||    62
Armor: Robe              ||    19
Dodge: Dodged            ||    22
Block: Tower shield      ||    38
